 Dungeon Crawl Stone Soup version 0.19.4-9-g45fd643 (webtiles) character file.

17680 Maelstr0m the Cleaver (level 12, -8/91 HPs)
             Began as a Formicid Fighter on Feb 22, 2017.
             Was a Priest of Qazlal.
             Mangled by Gastronok (19 damage)
             ... on level 3 of the Lair of Beasts.
             The game lasted 01:05:09 (11065 turns).

Maelstr0m the Cleaver (Formicid Fighter)           Turns: 11065, Time: 01:05:10

Health: -8/91      AC: 20    Str: 28    XL:     12   Next: 85%
Magic:  0/18       EV: 14    Int:  9    God:    Qazlal [***...]
Gold:   682        SH: 21    Dex: 12    Spells: 0 memorised, 11 levels left

rFire  + . .     SeeInvis +     b - +5 mace (drain)
rCold  . . .     Gourm    .     G - +5 ring mail "Lusuodan" {-Tele rPois Str+5}
rNeg   . . .     Faith    .     c - +0 shield
rPois  +         Spirit   +     (helmet unavailable)
rElec  .         Reflect  .     (no cloak)
rCorr  .         Harm     .     n - +1 pair of gloves
MR     ++...                    D - +0 pair of boots
Stlth  +.........               R - amulet of guardian spirit
                                m - +5 ring of protection
                                e - ring of protection from magic

@: no status effects
A: permanent stasis, dig shafts and tunnels, four strong arms, antennae 3, large
bone plates 1, fire resistance 1, sense surroundings 1
a: Dig, Shaft Self, Upheaval, Elemental Force, Renounce Religion


You were on level 3 of the Lair of Beasts.
You worshipped Qazlal.
Qazlal was most pleased with you.
You were hungry.

You visited 3 branches of the dungeon, and saw 13 of its levels.
You also visited: Sewer and Ice Cave.

You collected 682 gold pieces.

Inventory:

Hand Weapons
 a - a +1 war axe
 b - a +5 mace of draining (weapon)
Missiles
 u - 3 javelins
 w - 6 tomahawks
 P - 4 poisoned tomahawks (quivered)
Armour
 c - a +0 shield (worn)
 n - a +1 pair of gloves (worn)
 D - a +0 pair of boots (worn)
 G - the +5 ring mail "Lusuodan" (worn) {-Tele rPois Str+5}
   (You found it on level 7 of the Dungeon)

   It affects your strength (+5).
   It protects you from poison.
   It prevents most forms of teleportation.
Jewellery
 e - a ring of protection from magic (left hand)
 m - a +5 ring of protection (right hand)
 q - a +3 ring of strength
 z - a +4 ring of dexterity
 C - a +2 ring of slaying
 R - an amulet of guardian spirit (around neck)
Wands
 x - a wand of acid (11/15)
 y - a wand of iceblast (10/15)
 L - a wand of paralysis (0/24)
 O - a wand of confusion (19/48)
Scrolls
 h - 3 scrolls of remove curse
 i - a scroll of recharging {unknown}
 l - 6 scrolls of identify
 o - 2 scrolls of enchant armour
 r - 2 scrolls of fog
 F - a scroll of enchant weapon
Potions
 d - 2 potions of might
 j - 7 potions of curing
 s - 3 potions of invisibility
 t - a potion of flight
 A - a potion of cure mutation
 B - 4 potions of magic
 H - 2 potions of resistance
Books
 E - the Incunabulum of Twisted Earth
   (You found it on level 6 of the Dungeon)

   Spells                             Type                      Level
   a - Animate Skeleton               Necromancy                   1
   b - Vampiric Draining              Necromancy                   3
   c - Bolt of Magma                  Conjuration/Fire/Earth       5
   d - Statue Form                    Transmutation/Earth          6
 N - a book of Minor Magic

   Spells                             Type                      Level
   a - Magic Dart                     Conjuration                  1
   b - Blink                          Translocation                2
   c - Call Imp                       Summoning                    2
   d - Repel Missiles                 Charms/Air                   2
   e - Slow                           Hexes                        2
   f - Conjure Flame                  Conjuration/Fire             3
   g - Mephitic Cloud                 Conjuration/Poison/Air       3
Comestibles
 f - 12 bread rations
 g - 3 meat rations
 k - 8 beef jerkies
 p - 3 royal jellies
 I - 3 slices of pizza
 Q - 6 fruits


   Skills:
 - Level 7.0 Fighting
 - Level 10.1(10.6) Axes
 * Level 5.0(8.2) Maces & Flails
 + Level 7.8 Armour
 + Level 6.0 Dodging
 - Level 9.3 Shields
 - Level 9.2 Invocations
 - Level 8.4 Evocations


You had 11 spell levels left.
You didn't know any spells.

Dungeon Overview and Level Annotations

Branches:
Dungeon (9/15)             Temple (1/1) D:6            Lair (3/6) D:9
  Snake (0/4) Lair:2
  Swamp: Lair:2-4    Shoals: Lair:2-4       Orc: D:9-12

Altars:
Ashenzari
Cheibriados
Dithmenos
Elyvilon
Fedhas
Gozag
Hepliaklqana
Kikubaaqudgha
Makhleb
Nemelex Xobeh
Okawaru
Qazlal
Ru
Sif Muna
Trog
Uskayaw
Vehumet
Xom
Zin
The Shining One

Annotations:
Lair:3 Gastronok


Innate Abilities, Weirdness & Mutations

You are under a permanent stasis effect.
You can dig through walls and to a lower floor.
Your four strong arms can wield two-handed weapons with a shield.
You have a pair of large antennae on your head. (SInv)
You are partially covered in large bone plates. (SH +4)
Your flesh is heat resistant. (rF+)
You passively map a small area around you.


Message History

You block the wolf's attack.
You hit the wolf.
You kill the wolf!
Qazlal accepts your kill.
Your base Maces & Flails skill increases to level 5!
Items here: ) [ †† a great mace of crushing; a leather armour; a wolf corpse the human corpse of Rupert You thump Gastronok!
Gastronok is lightly wounded.
You hit Gastronok.
Gastronok is lightly wounded.
Gastronok bites you!!
* * * LOW HITPOINT WARNING * * *
You hit Gastronok. You drain Gastronok!
Gastronok is lightly wounded.
You hit Gastronok but do no damage. You drain Gastronok!
Gastronok is lightly wounded.
Gastronok bites you!!
You die...

* #......# ,
##....## * , *
##.>.P# , ,
##....# ,
#....## * *
##...# ,, *
####...#
#.#w...##
##@#....#
##.....# * ,
##...P# . , ,*
#.....####.. ,
###.......<..
, *
#............
##...........,
#P.......... ,
, ##...?......


You could see Gastronok.

Vanquished Creatures
  Rupert (Lair:3)
  2 hydras
  A hill giant (D:6)
  An ugly thing (IceCv)
  A black mamba (Lair:1)
  5 spiny frogs
  2 rime drakes (Lair:1)
  A komodo dragon (Lair:1)
  2 trolls (D:9)
  A two-headed ogre (D:9)
  4 blink frogs
  A hornet (D:8)
  2 hippogriffs
  7 yaks (Lair:1)
  A basilisk (Lair:2)
  3 wargs (D:9)
  Menkaure (D:7)
  2 nagas (Lair:2)
  6 water moccasins
  3 porcupines
  8 ice beasts
  A sky beast (D:5)
  A black bear (D:6)
  3 phantoms (D:9)
  2 ogres
  22 wolves
  3 crocodiles
  7 big kobolds (Sewer)
  The ghost of Nblphnx the Magician, an amateur DEWz (D:3)
  12 bullfrogs
  A gnoll sergeant (D:8)
  A scorpion (D:9)
  2 electric eels (Lair:1)
  3 howler monkeys
  2 hounds (D:7)
  3 crimson imps
  A centaur zombie (D:5)
  A centaur skeleton (D:4)
  7 orc priests
  Jessica (D:2)
  Terence (D:2)
  Natasha (thrice) (D:2)
  3 worker ants
  8 orc wizards
  A hound skeleton (D:7)
  6 gnolls
  14 adders
  2 howler monkey skeletons
  A river rat (Sewer)
  3 oozes
  An adder zombie (D:5)
  An adder skeleton (D:6)
  2 worms
  3 dart slugs
  5 leopard geckos
  26 orcs
  10 ball pythons
  5 bats
  9 giant cockroaches
  A goblin (D:1)
  5 hobgoblins
  7 jackals
  4 quokkas
  8 frilled lizards
  A giant cockroach zombie (D:5)
  10 kobolds
  A quokka skeleton (D:5)
  8 rats
  A butterfly (D:5)
  10 fungi
  A plant (Lair:1)
290 creatures vanquished.

Vanquished Creatures (others)
  4 fungi
  2 plants (Lair:2)
6 creatures vanquished.

Grand Total: 296 creatures vanquished

Notes
Turn   | Place    | Note
-------+----------+-------------------------------------------
     0 | D:1      | Maelstr0m the Formicid Fighter began the quest for the Orb.
     0 | D:1      | Reached XP level 1. HP: 18/18 MP: 1/1
   143 | D:1      | Reached XP level 2. HP: 24/24 MP: 2/2
   400 | D:1      | Reached XP level 3. HP: 28/30 MP: 3/3
   844 | D:2      | Noticed Natasha
   850 | D:2      | Killed Natasha
   850 | D:2      | Reached XP level 4. HP: 37/37 MP: 4/4
   859 | D:2      | Noticed Natasha
   864 | D:2      | Killed Natasha
   864 | D:2      | Reached skill level 3 in Axes
   903 | D:2      | Noticed Natasha
   909 | D:2      | Killed Natasha
   909 | D:2      | Reached XP level 5. HP: 34/42 MP: 5/5
   968 | D:2      | Noticed Terence
   971 | D:2      | Noticed Jessica
   972 | D:2      | Killed Terence
   980 | D:2      | Killed Jessica
  1273 | D:3      | Reached XP level 6. HP: 15/49 MP: 6/6
  1461 | D:3      | Noticed Nblphnx's ghost (amateur DEWz)
  1477 | D:3      | Killed Nblphnx's ghost
  1477 | D:3      | Reached skill level 4 in Axes
  1790 | D:3      | Reached XP level 7. HP: 52/55 MP: 7/7
  1836 | D:3      | Reached skill level 5 in Shields
  2065 | D:3      | Found a glowing silver altar of Zin.
  2066 | D:3      | Noticed an angel
  2377 | D:4      | Reached skill level 5 in Fighting
  2580 | D:4      | Found a glowing drain.
  2601 | Sewer    | Entered a sewer
  2635 | Sewer    | Reached skill level 5 in Axes
  2635 | Sewer    | Reached skill level 5 in Armour
  2899 | Sewer    | Reached XP level 8. HP: 63/63 MP: 8/8
  3423 | Sewer    | Reached skill level 6 in Axes
  3792 | D:4      | Found a faded altar of an unknown god.
  3792 | D:4      | Found a faded altar of an unknown god.
  3798 | D:4      | Found a faded altar of an unknown god.
  3800 | D:4      | Found a faded altar of an unknown god.
  3801 | D:4      | Found a deep blue altar of Sif Muna.
  4107 | D:5      | Entered Level 5 of the Dungeon
  4435 | D:5      | Reached XP level 9. HP: 69/69 MP: 9/9
  4509 | D:5      | Found a shimmering altar of Xom.
  5341 | D:6      | Noticed a hill giant
  5351 | D:6      | Killed a hill giant
  5351 | D:6      | Reached skill level 7 in Axes
  5371 | D:6      | Identified the Incunabulum of Twisted Earth
  5509 | D:6      | Found a shadowy altar of Dithmenos.
  5649 | D:6      | Found a staircase to the Ecumenical Temple.
  5660 | Temple   | Entered the Ecumenical Temple
  5687 | Temple   | Became a worshipper of Qazlal Stormbringer
  5978 | D:7      | Got a blackened ring mail
  5989 | D:7      | Identified the +5 ring mail "Lusuodan" {-Tele rPois Str+5} (You found it on level 7 of the Dungeon)
  6035 | D:7      | Reached skill level 8 in Axes
  6089 | D:7      | Noticed Menkaure
  6095 | D:7      | Killed Menkaure
  6169 | D:7      | Found an iron altar of Okawaru.
  6754 | D:7      | Reached skill level 1 in Dodging
  6871 | D:8      | Reached XP level 10. HP: 69/79 MP: 10/10
  6898 | D:8      | Found a hide-covered altar of Uskayaw.
  6913 | D:8      | Noticed a dagger
  6913 | D:8      | Noticed a hand axe
  7109 | D:8      | Found a hide-covered altar of Uskayaw.
  7232 | D:8      | Found a white marble altar of Elyvilon.
  7529 | D:8      | Found a glowing golden altar of the Shining One.
  7533 | D:8      | Found a bloodstained altar of Trog.
  7539 | D:8      | Found an ancient bone altar of Kikubaaqudgha.
  7597 | D:9      | Reached * piety under Qazlal
  7620 | D:9      | Reached skill level 9 in Axes
  7672 | D:9      | Found a white marble altar of Elyvilon.
  7712 | D:9      | Reached skill level 1 in Invocations
  7802 | D:9      | Reached skill level 1 in Evocations
  8001 | D:9      | Reached ** piety under Qazlal
  8002 | D:9      | Found a staircase to the Lair.
  8361 | Lair:1   | Entered Level 1 of the Lair of Beasts
  8371 | Lair:1   | Noticed a spiny frog
  8373 | Lair:1   | Reached XP level 11. HP: 84/84 MP: 12/14
  8380 | Lair:1   | Reached skill level 1 in Maces & Flails
  8505 | Lair:1   | Reached skill level 5 in Invocations
  8522 | Lair:1   | Found a frozen archway.
  8538 | Lair:1   | Reached skill level 5 in Evocations
  8548 | IceCv    | Entered an ice cave
  8621 | IceCv    | Noticed a white ugly thing
  8640 | IceCv    | Killed a white ugly thing
  8827 | Lair:1   | Noticed an eight-headed hydra
  8845 | Lair:1   | HP: 4/84 [eight-headed hydra (4)]
  8852 | Lair:1   | Killed an eight-headed hydra
  9374 | Lair:1   | Reached XP level 12. HP: 76/91 MP: 14/17
  9587 | Lair:1   | Gained mutation: You are partially covered in large bone plates. (SH +4) [potion of mutation]
  9587 | Lair:1   | Gained mutation: Your flesh is heat resistant. (rF+) [potion of mutation]
  9587 | Lair:1   | Gained mutation: You passively map a small area around you. [potion of mutation]
  9885 | Lair:2   | Reached *** piety under Qazlal
  9891 | Lair:2   | Reached skill level 5 in Dodging
  9957 | Lair:2   | Noticed an eight-headed hydra
  9981 | Lair:2   | Killed an eight-headed hydra
 10220 | Lair:2   | Reached skill level 10 in Axes
 10359 | Lair:2   | Found a staircase to the Snake Pit.
 10992 | Lair:3   | Noticed Rupert
 11028 | Lair:3   | Noticed Gastronok
 11040 | Lair:3   | Killed Rupert
 11060 | Lair:3   | Reached skill level 5 in Maces & Flails
 11065 | Lair:3   | Mangled by Gastronok

Skill      XL: |  1  2  3  4  5  6  7  8  9 10 11 12 |
---------------+-------------------------------------+-----
Shields        | 4 5 6 8 9 |  9.3
Fighting       | 4 5 6 7 |  7.0
Axes           | 3 4 5 6 8 9 10 | 10.1
Armour         | 4 5 6 7 |  7.8
Dodging        | 1 3 4 6 |  6.0
Invocations    | 4 7 9 |  9.2
Evocations     | 3 7 8 |  8.4
Maces & Flails | 3 5 |  5.0

Action                   |  1- 3 |  4- 6 |  7- 9 | 10-12 || total
-------------------------+-------+-------+-------+-------++-------
Melee: War axe           |    57 |    63 |   445 |   290 ||   855
       Mace              |       |       |       |   369 ||   369
Throw: Javelin           |       |     1 |       |       ||     1
 Abil: Dig               |       |       |       |     6 ||     6
Evoke: Wand              |       |       |     2 |     2 ||     4
  Use: Potion            |       |       |     7 |     3 ||    10
       Scroll            |       |       |       |    13 ||    13
 Stab: Paralysed         |       |       |     1 |     6 ||     7
  Eat: Chunk             |       |     3 |    17 |    15 ||    35
Armor: Scale mail        |    33 |    27 |   137 |       ||   197
       Chain mail        |       |       |    43 |       ||    43
       Ring mail         |       |       |    21 |   181 ||   202
Dodge: Dodged            |    14 |    17 |   147 |   226 ||   404
Block: Shield            |    27 |    23 |   239 |   558 ||   847
